 Dungeon Crawl Stone Soup version 0.16.0-17-g811c1d7 (console) character file.

5969 Kellhus the Nimble (level 10, -1/91 HPs)
             Began as a Deep Dwarf Fire Elementalist on Mar 22, 2015.
             Was a Believer of Ru.
             Slain by a red devil
             ... wielding a cursed -1 trident
             ... summoned by a kobold demonologist
              (13 damage)
             ... on level 9 of the Dungeon.
             The game lasted 00:40:07 (10237 turns).

Kellhus the Nimble (Deep Dwarf Fire Elementalist)  Turns: 10237, Time: 00:40:07

Health: -1/91      AC:  7    Str: 13    XL:     10   Next: 55%
Magic:  17/17      EV: 25    Int: 13    God:    Ru [**....]
Gold:   149        SH:  0    Dex: 19    Spells: 3 memorised, 7 levels left

rFire  + . .     SeeInvis .     Q - +1 war axe (elec)
rCold  . . .     Clarity  .     h - +0 robe {rF+}
rNeg   . . .     SustAb   .     (no shield)
rPois  .         Gourm    .     f - +0 helmet
rElec  .         Spirit   .     e - +2 cloak
rCorr  .         Warding  .     (no gloves)
rMut   .         Stasis   .     m - +0 pair of boots
MR     +....                    (no amulet)
Stlth  ..........               P - +2 ring of evasion
                                K - +3 ring of dexterity

@: no scrolls, non-regenerating, somewhat resistant to hostile enchantments,
extremely unstealthy
A: damage resistance, recharge devices, dopey 1, sense surroundings 2, slow
healing 3, inability to read while threatened, no stealth
a: Device Recharging, Renounce Religion


You were on level 9 of the Dungeon.
You worshipped Ru.
Ru was pleased with you.
You were hungry.

You visited 2 branches of the dungeon, and saw 10 of its levels.
You also visited: Sewer.

You collected 384 gold pieces.
You spent 235 gold pieces at shops.

Inventory:

Hand weapons
 a - a +1 vampiric short sword
 Q - a +1 war axe of electrocution (weapon)
 T - a cursed -3 war axe
 Z - a +1 battleaxe of electrocution
Missiles
 d - 7 curare-tipped needles
Armour
 e - a +2 cloak (worn)
 f - a +0 helmet (worn)
 h - a +0 robe of fire resistance (worn)
 m - a +0 pair of boots (worn)
Jewellery
 K - a +3 ring of dexterity (left hand)
 P - a +2 ring of evasion (right hand)
 Y - the ring "Ghotwam" {rC- MR+ Str-2 Int+4 Dex+10 Stlth+}
   (You found it on level 8 of the Dungeon)

   [ring of stealth]

   It affects your strength (-2).
   It affects your intelligence (+4).
   It affects your dexterity (+10).
   It makes you vulnerable to cold.
   It affects your resistance to hostile enchantments.
   It makes you more stealthy.
Magical devices
 c - a wand of heal wounds (3)
 j - a wand of cold (1)
 y - a wand of flame (30)
 F - a wand of teleportation (5)
 N - a wand of hasting (1)
 W - a wand of polymorph (0)
Scrolls
 g - 5 scrolls of remove curse
 i - a scroll of fear
 k - 2 scrolls of blinking
 n - 4 scrolls of fog
 r - 2 scrolls of recharging
 w - a scroll of teleportation {unknown}
 E - a scroll of magic mapping {unknown}
 G - 2 scrolls of amnesia
 J - a scroll of enchant armour {unknown}
Potions
 l - 2 potions of haste
 p - a potion of might {unknown}
 q - 2 potions of brilliance
 s - a potion of resistance {unknown}
 t - a potion of curing {unknown}
 u - a potion of lignification {unknown}
 v - a potion of magic {unknown}
 x - a potion of poison {unknown}
 z - 2 potions of mutation
 B - a potion of flight {unknown}
 C - a potion of restore abilities {unknown}
 H - a potion of cure mutation {unknown}
 L - a potion of heal wounds
 R - 2 potions of agility
 S - a potion of invisibility {unknown}
 U - a potion of degeneration {unknown}
 X - a potion of ambrosia {unknown}
Books
 b - a book of Flames

   Spells                             Type                      Level
   a - Flame Tongue                   Conjuration/Fire             1
   b - Throw Flame                    Conjuration/Fire             2
   c - Conjure Flame                  Conjuration/Fire             3
   d - Inner Flame                    Hexes/Fire                   3
   e - Sticky Flame                   Conjuration/Fire             4
   f - Fireball                       Conjuration/Fire             5
 V - a book of Transfigurations

   Spells                             Type                      Level
   a - Stoneskin                      Transmutation/Earth          2
   b - Irradiate                      Conjuration/Transmutation    5
   c - Statue Form                    Transmutation/Earth          6
   d - Hydra Form                     Transmutation                6
   e - Dragon Form                    Transmutation                7
Comestibles
 o - 6 beef jerkies
 D - 5 bread rations
 I - 5 meat rations
 M - 2 royal jellies


   Skills:
 - Level 6.0 Fighting
 + Level 5.4 Axes
 - Level 13.0 Dodging
 - Level 3.0 Spellcasting
 - Level 6.0 Conjurations
 - Level 6.0 Fire Magic


You had 7 spell levels left.
You knew the following spells:

 Your Spells              Type           Power        Failure   Level  Hunger
a - Flame Tongue          Conj/Fire      ###..        1%          1    #......
b - Conjure Flame         Conj/Fire      ###.....     8%          3    ###....
c - Sticky Flame          Conj/Fire      ###.....     21%         4    #####..


Dungeon Overview and Level Annotations

Branches:
Dungeon (9/15)             Temple (1/1) D:4
   Lair: D:8-11         Orc: D:9-12

Altars:
Ashenzari
Cheibriados
Dithmenos
Elyvilon
Fedhas
Gozag
Kikubaaqudgha
Makhleb
Nemelex Xobeh
Okawaru
Qazlal
Ru
Sif Muna
Trog
Vehumet
Xom
Yredelemnul
Zin
The Shining One

Shops:
D:4 =   D:7 (   D:8 *

Annotations:
D:1 1 exclusion
D:3 exclusion: downstairs
D:4 exclusion: ogre, Edmund


Innate Abilities, Weirdness & Mutations

You are resistant to damage.
You can recharge devices by infusing magical energy.
You are dopey. (Int -2)
You passively map the area around you.
You do not heal naturally.
You cannot read scrolls while threatened.
You cannot be stealthy.


Message History

The crimson imp blinks!
The kobold demonologist begins to cast a spell, but is stunned by your will!
The hellwing hits you!
* * * LOW HITPOINT WARNING * * *
The hellwing completely misses you.
Unknown command.
Read which item? (? for menu, Esc to quit)
Okay, then.
Evoke which item? (* to show all) (? for menu, Esc to quit)
Okay, then.
Use which ability? (? or * to list) Charge which item? (? for menu, Esc to quit)
Your wand of heal wounds (0) glows for a moment and now has 3 charges.
The quasit misses you.
The quasit claws you but does no damage.
The quasit closely misses you. The soul eater closely misses you.
The kobold demonologist casts a spell.
The kobold demonologist begins to cast a spell, but is stunned by your will!
The red devil hits you from afar with a trident!
You die...

##
.#################
...............5K#
......<...#....3K#
##........#..###4#
....##....#...4K@#
..............535#
.###########.###4#
...# , ..#.# #.#
...# , ...'.###.#
...# , , #.....#
...# #.....# ...#
* ** #.....#
....., , #..#..#


You could see a soul eater, an orange demon, a hellwing, 3 kobold demonologists,
a chaos spawn, a red devil, an iron imp, a quasit and a crimson imp.

Vanquished Creatures
  Maurice (D:8)
  Psyche (D:8)
  A troll (D:9)
  A shadow (D:9)
  A wyvern (D:9)
  Grum (D:8)
  A hippogriff (D:8)
  2 wolves (D:8)
  A wasp (D:8)
  A sky beast (D:9)
  4 orc warriors
  A necrophage (D:8)
  3 centaurs
  An ogre (D:7)
  2 phantoms
  Sigmund (D:7)
  Duvessa (D:8)
  5 big kobolds (Sewer)
  3 giant frogs
  A gnoll sergeant (D:7)
  4 scorpions
  4 killer bees (D:9)
  3 wights (D:8)
  Dowan (D:8)
  2 crimson imps (D:5)
  A goliath beetle (D:9)
  A jelly (D:5)
  A quasit (D:9)
  A giant frog skeleton (D:6)
  4 orc priests
  A hound (D:5)
  Natasha (thrice) (D:4)
  5 orc wizards
  6 worker ants
  Ijyb (D:4)
  A hound zombie (D:5)
  A mummy (D:4)
  A worker ant zombie (D:8)
  12 adders
  2 river rats (Sewer)
  11 gnolls
  5 giant mites
  A white imp (D:9)
  12 worms
  An adder zombie (D:9)
  2 adder skeletons
  3 giant geckos
  7 oozes (Sewer)
  26 orcs
  6 ball pythons
  A bat skeleton (D:6)
  A bat zombie (D:7)
  8 giant cockroaches
  7 goblins
  13 hobgoblins
  16 jackals
  8 quokkas
  14 bats
  2 giant newts
  2 giant spores
  A hobgoblin zombie (D:4)
  A jackal skeleton (D:4)
  A jackal zombie (D:5)
  12 kobolds
  3 orc zombies (D:4)
  2 quokka zombies
  15 rats
  3 ballistomycetes (D:8)
272 creatures vanquished.

Vanquished Creatures (others)
  A giant spore (D:8)
1 creature vanquished.

Grand Total: 273 creatures vanquished

Notes
Turn   | Place    | Note
--------------------------------------------------------------
     0 | D:1      | Kellhus, the Deep Dwarf Fire Elementalist, began the quest for the Orb.
     0 | D:1      | Reached XP level 1. HP: 15/15 MP: 2/2
    99 | D:1      | Reached skill level 3 in Fire Magic
   164 | D:1      | Reached XP level 2. HP: 16/22 MP: 0/3
  1145 | D:2      | Reached XP level 3. HP: 19/28 MP: 0/5
  1249 | D:2      | Reached skill level 4 in Fire Magic
  1352 | D:2      | Reached skill level 1 in Conjurations
  1721 | D:2      | Reached XP level 4. HP: 24/36 MP: 0/6
  2151 | D:2      | Found a deep blue altar of Sif Muna.
  2185 | D:2      | Found a snail-covered altar of Cheibriados.
  2370 | D:2      | Reached XP level 5. HP: 25/42 MP: 0/7
  2767 | D:3      | Found an iron altar of Okawaru.
  3449 | D:4      | Noticed an ogre
  3461 | D:4      | Noticed Edmund
  3510 | D:3      | Reached XP level 6. HP: 23/49 MP: 0/9
  3670 | D:4      | Noticed Ijyb
  3675 | D:4      | HP: 2/49 [Ijyb/wand of flame (6)]
  3681 | D:4      | Killed Ijyb
  3794 | D:4      | Found a shadowy altar of Dithmenos.
  3829 | D:4      | Found Aqei's Jewellery Shop.
  3881 | D:4      | Found a glowing drain.
  3890 | D:4      | Reached skill level 5 in Conjurations
  3902 | Sewer    | Entered a sewer
  4049 | Sewer    | Learned a level 3 spell: Conjure Flame
  4203 | Sewer    | Reached XP level 7. HP: 50/55 MP: 10/10
  4299 | Sewer    | Reached skill level 5 in Fire Magic
  4520 | Sewer    | Reached skill level 6 in Fire Magic
  4527 | Sewer    | Learned a level 4 spell: Sticky Flame
  4777 | D:4      | Found a staircase to the Ecumenical Temple.
  4782 | Temple   | Entered the Ecumenical Temple
  4846 | Temple   | Became a worshipper of Ru the Awakened
  4900 | D:4      | Noticed Natasha
  4913 | D:4      | Killed Natasha
  4934 | D:4      | Found an iron altar of Okawaru.
  5062 | D:4      | Noticed Natasha
  5072 | D:4      | Killed Natasha
  5080 | D:4      | Noticed Natasha
  5084 | D:4      | Killed Natasha
  5088 | D:4      | Reached skill level 13 in Dodging
  5088 | D:4      | Reached XP level 8. HP: 27/62 MP: 12/12
  5290 | D:5      | Entered Level 5 of the Dungeon
  5574 | D:5      | Found a white marble altar of Elyvilon.
  5646 | D:5      | Gained mutation: You passively map the area around you. [level up]
  5646 | D:5      | Reached XP level 9. HP: 60/68 MP: 12/15
  6150 | D:6      | Gained mutation: You cannot read scrolls while threatened. [Ru sacrifice]
  6150 | D:6      | Acquired Ru's first power
  6673 | D:6      | Found a stormy altar of Qazlal.
  6786 | D:7      | Reached skill level 1 in Fighting
  6833 | D:7      | Found a blossoming altar of Fedhas.
  6888 | D:7      | Found a shimmering altar of Xom.
  6888 | D:7      | Found a shimmering altar of Xom.
  6888 | D:7      | Found a shimmering altar of Xom.
  6888 | D:7      | Found a shimmering altar of Xom.
  6888 | D:7      | Found a shimmering altar of Xom.
  6889 | D:7      | Found a shimmering altar of Xom.
  7221 | D:7      | Noticed Sigmund
  7232 | D:7      | Killed Sigmund
  7298 | D:7      | Found Idwe's Weapon Shoppe.
  7735 | D:7      | Bought a +1 war axe of electrocution for 235 gold pieces
  7774 | D:8      | Gained mutation: You cannot be stealthy. [Ru sacrifice]
  7774 | D:8      | Acquired Ru's second power
  7824 | D:8      | Noticed Psyche
  7826 | D:8      | Paralysed by Psyche for 6 turns
  7842 | D:8      | Killed Psyche
  8038 | D:8      | Noticed Grum
  8049 | D:8      | Killed Grum
  8067 | D:8      | Reached skill level 5 in Fighting
  8128 | D:8      | Found Cifaacs' Assorted Antiques.
  8167 | D:8      | Noticed Dowan
  8171 | D:8      | Noticed Duvessa
  8183 | D:8      | Killed Duvessa
  8183 | D:8      | Reached XP level 10. HP: 44/91 MP: 18/18
  8218 | D:8      | Killed Dowan
  8360 | D:8      | Got a vibrating ivory ring
  8362 | D:8      | Identified the ring "Ghotwam" {rC- MR+ Str-2 Int+4 Dex+10 Stlth+} (You found it on level 8 of the Dungeon)
  8501 | D:8      | Reached skill level 1 in Axes
  8950 | D:8      | Noticed Maurice
  8959 | D:8      | Killed Maurice
  9664 | D:9      | Gained mutation: You are dopey. (Int -2) [Ru sacrifice]
 10023 | D:9      | Reached skill level 5 in Axes
 10229 | D:9      | Noticed a soul eater
 10236 | D:9      | Noticed a soul eater
 10237 | D:9      | Slain by a red devil

Action                   |  1- 3 |  4- 6 |  7- 9 | 10-12 || total
-------------------------+-------+-------+-------+-------++-------
Melee: Club              |    12 |    44 |       |       ||    56
       Short sword       |       |    98 |   465 |   199 ||   762
       Flail             |       |     2 |       |       ||     2
       War axe           |       |       |       |    59 ||    59
 Cast: Flame Tongue      |    73 |   106 |    34 |     6 ||   219
       Sticky Flame      |       |       |    10 |     3 ||    13
       Conjure Flame     |       |       |       |     2 ||     2
Invok: Sacrifice Words   |       |       |     1 |       ||     1
       Sacrifice Stealth |       |       |     1 |       ||     1
       Sacrifice Purity  |       |       |       |     1 ||     1
 Abil: Device Recharging |       |       |       |     1 ||     1
Evoke: Wand              |       |     5 |     7 |     7 ||    19
  Use: Scroll            |       |     4 |    10 |     6 ||    20
       Potion            |       |       |     1 |       ||     1
 Stab: Sleeping          |       |     2 |     4 |       ||     6
       Distracted        |       |       |     1 |     3 ||     4
       Invisible         |       |       |     1 |       ||     1
  Eat: Chunk             |     4 |     2 |    15 |     6 ||    27
       Fruit             |       |     5 |       |       ||     5
       Bread ration      |       |     2 |       |       ||     2
       Pizza             |       |       |     1 |       ||     1
       Beef jerky        |       |       |     1 |     1 ||     2
